 Dungeon Crawl Stone Soup version 0.31.0-11-ge490571c62 (webtiles) character file.

Game seed: 1594742523337216262

98 qw the Shooter (level 4, 0/22 HPs)
             Began as a Spriggan Hunter on Feb 3, 2024.
             Slain by an adder (1 damage)
             ... on level 2 of the Dungeon.
             The game lasted 00:00:03 (670 turns).

qw the Shooter (Spriggan Hunter)                     Turns: 670, Time: 00:00:04

Health: 0/22       AC:  2    Str:  7    XL:     4   Next: 44%
Magic:  5/5        EV: 20    Int: 10    God:
Gold:   65         SH:  0    Dex: 20    Spells: 3/3 levels left

rFire   . . .        a - +0 shortbow
rCold   . . .        (shield currently unavailable)
rNeg    . . .        c - +0 robe
rPois   .            (helmet restricted)
rElec   .            (no cloak)
rCorr   .            (gloves unavailable)
SInv    +            (boots unavailable)
Will    .....        (no amulet)
Stlth   ++           (no ring)
HPRegen 0.23/turn    (no ring)
MPRegen 0.09/turn

%: no passive effects
@: very quick
A: very small, no large weapons, unfitting armour, see invisible, speed 3
a: no special abilities


You were on level 2 of the Dungeon.
You visited 1 branch of the dungeon, and saw 2 of its levels.

You collected 65 gold pieces.


Innate Abilities, Weirdness & Mutations

You are very small and have problems with some larger weapons.
You are too small for most types of armour.
You have supernaturally acute eyesight. (SInv)
You cover ground extremely quickly. (Speed+++)


   Skills:
 + Level 1.5 Fighting
 - Level 5.0 Ranged Weapons
 - Level 5.0 Dodging
 - Level 1.5 Stealth


You had 3 spell levels left.
You didn't know any spells.
Your spell library was empty.

Inventory:

Hand Weapons
 a - a +0 shortbow (weapon)
Armour
 c - a +0 robe (worn)
Wands
 e - a wand of flame (17)
Scrolls
 b - a scroll of teleportation {unknown}
 d - a scroll of brand weapon {unknown}

Dungeon Overview and Level Annotations

Branches:
Dungeon (2/15)

Altars:


Message History

You kill the gnoll!
The hobgoblin hits something.
You shoot an arrow. The arrow hits the gnoll!
The gnoll is heavily wounded.
An adder comes into view.
A gnoll comes into view. It is wielding a +0 spear.
The adder moves out of view.
You shoot an arrow. The arrow hits the gnoll!
You kill the gnoll!
The gnoll hits you from afar with a +0 spear!
You shoot an arrow. The arrow barely misses the gnoll.
The arrow hits the goblin.
You kill the goblin!
The gnoll hits you from afar with a +0 spear.
You shoot an arrow.
The arrow completely misses the hobgoblin.
The arrow hits the plant.
The plant begins to die.
The plant is lightly damaged.
The hobgoblin completely misses you.
The gnoll hits you from afar with a +0 spear.
You shoot an arrow. The arrow barely misses the hobgoblin.
The arrow hits the plant.
The plant is lightly damaged.
The hobgoblin misses you. The gnoll misses you.
You shoot an arrow. The arrow hits the hobgoblin!
You kill the hobgoblin!
The gnoll misses you.
Your Dodging skill increases to level 5!
You shoot an arrow. The arrow hits the gnoll.
The gnoll is moderately wounded.
A nearby plant withers and dies.
The gnoll barely misses you. x2
You shoot an arrow. The arrow closely misses the gnoll.
The arrow hits the plant!
The plant begins to die.
The plant is lightly damaged.
The gnoll hits you from afar with a +0 spear.
You shoot an arrow. The arrow misses the adder.
The arrow hits the plant.
The plant begins to die.
The plant is lightly damaged.
The adder barely misses you. The gnoll misses you. The adder bites you.
You die...

#......)....#
#......#).####
#####......).#### #
########.###.##)#... ..
#.....##.# #.))%...#
.#.##.....##.# ####)#...
..........##.######.#.#.
PPPP................#.##
...P..S@..#...........#.
...P)g#####..........##.
P...P #.########.##.
.P.. #.# #.#..


.PP #.# #.# PP ..# #<# . ### ### You could see a gnoll and an adder.

Vanquished Creatures
  Robin (D:2)
  2 gnolls (D:2)
  An adder (D:2)
  A dart slug (D:1)
  8 endoplasms
  2 giant cockroaches (D:1)
  11 goblins
  8 hobgoblins
  4 jackals (D:1)
  A kobold (D:1)
  A quokka (D:1)
  5 ball pythons
  A frilled lizard (D:1)
  3 rats
49 creatures vanquished.

Notes
Turn   | Place    | Note
-------+----------+-------------------------------------------
     0 | D:1      | qw the Spriggan Hunter began the quest for the Orb.
     0 | D:1      | Reached XP level 1. HP: 10/10 MP: 2/2
     0 | D:1      | 0 ||| qw: Version: 0.3-a-157-g843a77d
     0 | D:1      | 0 ||| qw: Game counter: 4012
     0 | D:1      | 0 ||| qw: Melee chars always use a shield: true
     0 | D:1      | 0 ||| qw: God list: Okawaru
     0 | D:1      | 0 ||| qw: Allow faded altars: false
     0 | D:1      | 0 ||| qw: Do Orc after clearing Dungeon:15 true
     0 | D:1      | 0 ||| qw: Do second Lair branch before Depths: true
     0 | D:1      | 0 ||| qw: Lair rune preference: random
     0 | D:1      | 0 ||| qw: Goals: Normal
     0 | D:1      | 0 ||| PLANNING D:1-11
    31 | D:1      | Reached skill level 3 in Dodging
    69 | D:1      | Reached XP level 2. HP: 14/14 MP: 3/3
   170 | D:1      | Reached XP level 3. HP: 18/18 MP: 4/4
   351 | D:1      | 351 ||| READING scroll labelled KOHUDW BAACA.
   452 | D:1      | 452 ||| READING scroll labelled IROASHICEOV.
   453 | D:1      | 453 ||| READING scroll labelled SUIFAVVICEC.
   454 | D:1      | 454 ||| DROPPING scroll of butterflies.
   617 | D:2      | Noticed Robin
   626 | D:2      | Killed Robin
   627 | D:2      | Reached XP level 4. HP: 22/22 MP: 5/5
   669 | D:2      | HP: 1/22 [gnoll/+0 spear (6)]
   670 | D:2      | Slain by an adder

Levels and vault maps discovered:
D:1:      amcnicky_arrival_underground_garden, layout_rooms
D:2:      layout_basic, nicolae_grassy_gnolls, uniq_robin

Skill      XL: |  1  2  3  4 |
---------------+-------------+-----
Dodging        | 3 4 5 |  5.0
Ranged Weapons | 5 |  5.0
Fighting       | |  1.5
Stealth        | |  1.5

Action                     |  1- 3 |  4- 6 || total
---------------------------+-------+-------++-------
   Fire: Shortbow          |   101 |    14 ||   115
    Use: Scroll            |     3 |       ||     3
 Armour: Robe              |     6 |     5 ||    11
  Dodge: Dodged            |    12 |     8 ||    20

Table legend:
 A = Non-vault XP
 B = Vault XP
 C = Vault XP percentage of total XP
 D = Non-vault monster count
 E = Vault monster count
 F = Vault count percentage of total count
                 A         B        C        D         E       F
            +---------+---------+-------+---------+---------+-------
      Total |      76 |      65 |  46.1 |      36 |      13 |  26.5
            +---------+---------+-------+---------+---------+-------
        D:1 |      47 |       0 |   0.0 |      25 |       0 |   0.0
        D:2 |      29 |      65 |  69.1 |      11 |      13 |  54.2
            +---------+---------+-------+---------+---------+-------
